[Event "IM Marmaris Karia VIII 2019"]
[Site "Marmaris"]
[Date "2019.07.28"]
[Round "6.3"]
[White "Sibashvili, Giorgi"]
[Black "Karaoglan, Doruk"]
[Result "1-0"]
[ECO "A69"]
[WhiteElo "2389"]
[BlackElo "2278"]
[Annotator "NA"]
[PlyCount "51"]
[EventDate "2019.07.29"]
[EventType "schev"]
[EventCountry "TUR"]
[SourceTitle "playchess.com"]
[Source "ChessBase"]
[SourceQuality "1"]
[TimeControl "5400+30"]

1. d4 Nf6 2. c4 g6 3. Nc3 Bg7 4. e4 d6 5. f4 c5 6. d5 e6 7. Nf3 exd5 8. cxd5 O-O 9. Be2 Re8 10. e5 dxe5 11. fxe5 Ng4 12. e6 Ne5 13. Nxe5 Bxe5 14. exf7+ Kxf7 15. O-O+ Kg7 16. Bf4 Bd4+ 17. Kh1 a6 18. Qd2 Nd7 19. Bh6+ Kg8 20. Bg5 Qb6 21. d6 Qxd6 22. Bc4+ Kh8 23. Bf7 Rf8 24. Rae1 Rxf7 25. Rxf7 Ne5 26. Bf6+ 1-0

[Event "IM Marmaris Karia VIII 2019"]
[Site "Marmaris"]
[Date "2019.07.29"]
[Round "7.1"]
[White "Dedebas, Emre Emin"]
[Black "Benidze, Davit"]
[Result "1/2-1/2"]
[ECO "D00"]
[WhiteElo "2301"]
[BlackElo "2469"]
[Annotator "ChessBase"]
[PlyCount "60"]
[EventDate "2019.07.29"]
[EventType "schev"]
[EventCountry "TUR"]
[SourceTitle "playchess.com"]
[Source "ChessBase"]
[SourceQuality "1"]
[TimeControl "5400+30"]

1. d4 Nf6 2. Nf3 g6 3. Nc3 d5 4. Bf4 Bg7 5. e3 O-O 6. Be2 Bg4 7. h3 Bxf3 8. Bxf3 c6 9. O-O Nbd7 10. e4 dxe4 11. Nxe4 Nxe4 12. Bxe4 e5 13. dxe5 Nxe5 14. c3 Qxd1 15. Raxd1 Rad8 16. Bc2 Bf6 17. Bxe5 Bxe5 18. Rxd8 Rxd8 19. Rd1 Rxd1+ 20. Bxd1 Kf8 21. Kf1 Ke7 22. Ke2 Bc7 23. Kd3 Bb6 24. f3 Bc7 25. a4 a5 26. Bb3 f5 27. Bc4 h6 28. b4 Kf6 29. b5 cxb5 30. Bxb5 Bd6 1/2-1/2

[Event "IM Marmaris Karia VIII 2019"]
[Site "Marmaris"]
[Date "2019.07.29"]
[Round "7.3"]
[White "Karaoglan, Doruk"]
[Black "Odeev, Handszar"]
[Result "1-0"]
[ECO "B25"]
[WhiteElo "2278"]
[BlackElo "2360"]
[Annotator "NA"]
[PlyCount "89"]
[EventDate "2019.07.29"]
[EventType "schev"]
[EventCountry "TUR"]
[SourceTitle "playchess.com"]
[Source "ChessBase"]
[SourceQuality "1"]
[TimeControl "5400+30"]

1. e4 c5 2. Nc3 d6 3. g3 g6 4. Bg2 Bg7 5. d3 Nc6 6. f4 e6 7. Nf3 Nge7 8. O-O O-O 9. Be3 b6 10. Bf2 e5 11. fxe5 dxe5 12. Nd5 Nxd5 13. exd5 Nd4 14. c3 Nxf3+ 15. Qxf3 f5 16. Rfe1 Qd6 17. Qe2 Bd7 18. Rab1 Rae8 19. c4 a5 20. b3 h5 21. a3 e4 22. dxe4 fxe4 23. Be3 Bg4 24. Qd2 Be5 25. b4 axb4 26. axb4 Bf3 27. bxc5 bxc5 28. Rb5 Rc8 29. Reb1 Bxg2 30. Kxg2 Qe7 31. Rb6 Bd6 32. Qc3 h4 33. Rb7 Rc7 34. Rb8 hxg3 35. Bh6 Rd8 36. Qg7+ Qxg7 37. Rxd8+ Bf8 38. Bxg7 Kxg7 39. hxg3 Ra7 40. Re1 Be7 41. Rc8 Bd6 42. Rc6 Bf8 43. Rxe4 Kh7 44. Re8 Rf7 45. Ree6 1-0

[Event "IM Marmaris Karia VIII 2019"]
[Site "Marmaris"]
[Date "2019.07.29"]
[Round "7.4"]
[White "Yazici, Ugur Doga"]
[Black "Rzayev, Bahruz"]
[Result "0-1"]
[ECO "C60"]
[WhiteElo "2143"]
[BlackElo "2340"]
[Annotator "NA"]
[PlyCount "78"]
[EventDate "2019.07.29"]
[EventType "schev"]
[EventCountry "TUR"]
[SourceTitle "playchess.com"]
[Source "ChessBase"]
[SourceQuality "1"]
[TimeControl "5400+30"]

1. e4 e5 2. Nf3 Nc6 3. Bb5 Nge7 4. Nc3 a6 5. Bc4 Ng6 6. d4 exd4 7. Nxd4 Bb4 8. O-O Nge5 9. Be2 d6 10. Be3 Bxc3 11. bxc3 Qh4 12. Nf5 Bxf5 13. exf5 Qe4 14. Rb1 O-O-O 15. Re1 Rde8 16. Qc1 Qxf5 17. Qb2 Nd8 18. h3 g5 19. Red1 g4 20. hxg4 Nxg4 21. Rd4 Nxe3 22. fxe3 Rhg8 23. Rf1 Qg5 24. Bg4+ Kb8 25. Qc1 Rxe3 26. Rf5 Qe7 27. Kf2 Re8 28. Bf3 Rxc3 29. Re4 Qd7 30. Rxe8 Qxe8 31. Qd2 Ra3 32. Bd5 Qb5 33. Qg5 Qb6+ 34. Ke2 Ne6 35. Bxe6 fxe6 36. Qg8+ Ka7 37. Qxe6 Qb1 38. Qc4 Rxa2 39. Kd2 Qb2 0-1

[Event "IM Marmaris Karia VIII 2019"]
[Site "Marmaris"]
[Date "2019.07.29"]
[Round "7.5"]
[White "Caputcuoglu, Zeki Berke"]
[Black "Maghalashvili, Davit"]
[Result "0-1"]
[ECO "A46"]
[WhiteElo "2010"]
[BlackElo "2485"]
[Annotator "ChessBase"]
[PlyCount "118"]
[EventDate "2019.07.29"]
[EventType "schev"]
[EventCountry "TUR"]
[SourceTitle "playchess.com"]
[Source "ChessBase"]
[SourceQuality "1"]
[TimeControl "5400+30"]

1. Nf3 Nf6 2. d4 d6 3. Nc3 d5 4. Bf4 c6 5. e3 g6 6. h3 Bg7 7. Bd3 O-O 8. O-O c5 9. Ne5 cxd4 10. exd4 Qb6 11. Be2 Nc6 12. Nxc6 Qxc6 13. a4 Bf5 14. Bb5 Qc8 15. Re1 Qd8 16. a5 Rc8 17. a6 b6 18. Qe2 Ne4 19. Nxe4 dxe4 20. c3 h5 21. Rad1 e6 22. Qe3 Qe7 23. Bg5 f6 24. Bf4 g5 25. Bh2 Rfd8 26. f3 exf3 27. Qxf3 Qf7 28. Qb7 Bc2 29. Rd2 Bb3 30. Bc6 Bf8 31. Qxf7+ Kxf7 32. Bb7 Rc4 33. Rde2 Ra4 34. Bc7 Rd7 35. Bb8 Bd5 36. Bh2 Bxb7 37. axb7 Rxb7 38. Rxe6 Ra2 39. d5 Rxb2 40. Rc6 Bc5+ 41. Kh1 Re7 42. Rxe7+ Kxe7 43. g4 hxg4 44. hxg4 a5 45. Rc7+ Kd8 46. Ra7 Rd2 47. c4 Rd4 48. Bc7+ Kc8 49. Bh2 Rxc4 50. Rc7+ Kd8 51. Rc6 Rxg4 52. Rxf6 a4 53. d6 Rd4 54. Rf8+ Kd7 55. Rf7+ Ke8 56. Re7+ Kd8 57. Ra7 Bxd6 58. Bxd6 Rxd6 59. Rxa4 Kc7 0-1

[Event "IM Marmaris Karia VIII 2019"]
[Site "Marmaris"]
[Date "2019.07.30"]
[Round "8.1"]
[White "Sibashvili, Giorgi"]
[Black "Dedebas, Emre Emin"]
[Result "1-0"]
[ECO "D04"]
[WhiteElo "2389"]
[BlackElo "2301"]
[Annotator "NA"]
[PlyCount "103"]
[EventDate "2019.07.29"]
[EventType "schev"]
[EventCountry "TUR"]
[SourceTitle "playchess.com"]
[Source "ChessBase"]
[SourceQuality "1"]
[TimeControl "5400+30"]

1. d4 d5 2. Nf3 c5 3. e3 Nf6 4. dxc5 e6 5. b4 a5 6. c3 axb4 7. cxb4 b6 8. a4 bxc5 9. b5 Bd6 10. Bb2 O-O 11. Be2 Nbd7 12. Nbd2 Bb7 13. O-O Qc7 14. Qc2 h6 15. Rfd1 Rfe8 16. h3 Bf8 17. Bf1 Bd6 18. Bc3 e5 19. e4 d4 20. Bb2 Ra5 21. Re1 Nb6 22. Nc4 Nxc4 23. Bxc4 Nd7 24. Nd2 Nb6 25. Bb3 Qd7 26. Ra2 Rea8 27. Rea1 Qd8 28. Nc4 Nxc4 29. Bxc4 Bc7 30. Ra3 Qh4 31. Re1 Bb6 32. Rf3 Rf8 33. Bc1 Ra7 34. Qb3 Bc8 35. Bd2 Qd8 36. Rc1 Qc7 37. Bd5 Qd6 38. Qc4 Qd8 39. a5 Bxa5 40. Bxa5 Qxa5 41. Qxc5 Bb7 42. Bxb7 Rxb7 43. Qxe5 Qd2 44. Rb1 Rd8 45. Rg3 g6 46. Qf6 Rbd7 47. b6 Qc2 48. Rgb3 d3 49. b7 d2 50. b8=Q d1=Q+ 51. Rxd1 Rxd1+ 52. Kh2 1-0

[Event "IM Marmaris Karia VIII 2019"]
[Site "Marmaris"]
[Date "2019.07.30"]
[Round "8.3"]
[White "Rzayev, Bahruz"]
[Black "Karaoglan, Doruk"]
[Result "1/2-1/2"]
[ECO "B76"]
[WhiteElo "2340"]
[BlackElo "2278"]
[Annotator "NA"]
[PlyCount "60"]
[EventDate "2019.07.29"]
[EventType "schev"]
[EventCountry "TUR"]
[SourceTitle "playchess.com"]
[Source "ChessBase"]
[SourceQuality "1"]
[TimeControl "5400+30"]

1. e4 c5 2. Nf3 d6 3. d4 cxd4 4. Nxd4 Nf6 5. Nc3 g6 6. Be3 Bg7 7. f3 O-O 8. Qd2 Nc6 9. O-O-O d5 10. Nxc6 bxc6 11. Bh6 Bxh6 12. Qxh6 Qc7 13. h4 Rb8 14. h5 Be6 15. g4 d4 16. Na4 Qa5 17. b3 g5 18. Be2 Rb4 19. Nb2 Qxa2 20. Qxg5+ Kh8 21. h6 Rg8 22. Qc5 Rgb8 23. Nd3 Rc4 24. bxc4 Qa1+ 25. Kd2 Qc3+ 26. Kc1 Qa1+ 27. Kd2 Qc3+ 28. Kc1 Qa1+ 29. Kd2 Qc3+ 30. Kc1 Bxc4 1/2-1/2

[Event "IM Marmaris Karia VIII 2019"]
[Site "Marmaris"]
[Date "2019.07.30"]
[Round "8.4"]
[White "Maghalashvili, Davit"]
[Black "Yazici, Ugur Doga"]
[Result "1-0"]
[ECO "D30"]
[WhiteElo "2485"]
[BlackElo "2143"]
[Annotator "ChessBase"]
[PlyCount "89"]
[EventDate "2019.07.29"]
[EventType "schev"]
[EventCountry "TUR"]
[SourceTitle "playchess.com"]
[Source "ChessBase"]
[SourceQuality "1"]
[TimeControl "5400+30"]

1. Nf3 Nf6 2. g3 d5 3. Bg2 e6 4. O-O Be7 5. c4 O-O 6. b3 c5 7. cxd5 exd5 8. d4 Nc6 9. dxc5 Ne4 10. Bb2 Bxc5 11. Nc3 Nxc3 12. Bxc3 d4 13. Bb2 Qb6 14. Rc1 Rd8 15. Qc2 Be7 16. Rfd1 Be6 17. Qe4 Bf6 18. Rd2 Rd7 19. h4 h6 20. Qf4 Rad8 21. Rcd1 Qa5 22. Nxd4 Nxd4 23. Bxd4 Bxd4 24. Rxd4 Rxd4 25. Rxd4 Rxd4 26. Qxd4 Qxa2 27. Qd8+ Kh7 28. Be4+ f5 29. Qd3 g6 30. Bd5 Qa1+ 31. Kg2 Bxd5+ 32. Qxd5 Qa6 33. Qf7+ Kh8 34. h5 gxh5 35. Qf8+ Kh7 36. Qxf5+ Kg7 37. Qxh5 b5 38. Qe5+ Kf7 39. Qf5+ Kg7 40. Qd7+ Kf6 41. e4 Qb6 42. Qh7 Ke5 43. Qf5+ Kd4 44. Qd5+ Kc3 45. e5 1-0

[Event "IM Marmaris Karia VIII 2019"]
[Site "Marmaris"]
[Date "2019.07.30"]
[Round "8.5"]
[White "Benidze, Davit"]
[Black "Caputcuoglu, Zeki Berke"]
[Result "1-0"]
[ECO "E69"]
[WhiteElo "2469"]
[BlackElo "2010"]
[Annotator "ChessBase"]
[PlyCount "191"]
[EventDate "2019.07.29"]
[EventType "schev"]
[EventCountry "TUR"]
[SourceTitle "playchess.com"]
[Source "ChessBase"]
[SourceQuality "1"]
[TimeControl "5400+30"]

1. Nf3 Nf6 2. g3 g6 3. Bg2 Bg7 4. O-O O-O 5. c4 d6 6. d4 c6 7. Nc3 Qa5 8. h3 e5 9. e4 Nbd7 10. Be3 Nb6 11. c5 exd4 12. Nxd4 Nc4 13. Nb3 Nxe3 14. Nxa5 Nxd1 15. Raxd1 dxc5 16. e5 Ne8 17. Rfe1 Nc7 18. Na4 Ne6 19. Nb3 b6 20. Bxc6 Rb8 21. Nc3 Bb7 22. Bxb7 Rxb7 23. f4 Rd8 24. Rxd8+ Nxd8 25. Rd1 Ne6 26. Ne4 Kf8 27. Rd6 Ke7 28. Nbd2 f6 29. Nc4 fxe5 30. Nxe5 Bxe5 31. fxe5 Rd7 32. Rxd7+ Kxd7 33. Nf6+ Kc6 34. Kf2 h5 35. Ke3 b5 36. Ng8 Kd5 37. Ne7+ Kxe5 38. Nxg6+ Kd5 39. Ne7+ Kc4 40. g4 hxg4 41. hxg4 a5 42. Ke4 a4 43. Nc6 a3 44. bxa3 Ng5+ 45. Kf5 Nf3 46. Ne5+ Nxe5 47. Kxe5 Kd3 48. g5 c4 49. g6 c3 50. g7 c2 51. g8=Q c1=Q 52. Qd5+ Kc2 53. Qb3+ Kd2 54. Kd4 Qg1+ 55. Kd5 Qc1 56. a4 bxa4 57. Qxa4 Qh1+ 58. Kc5 Qh5+ 59. Kb6 Qh6+ 60. Qc6 Qe3+ 61. Qc5 Qe6+ 62. Kb5 Qd7+ 63. Ka5 Qd8+ 64. Kb4 Qb8+ 65. Kc4 Qe8 66. a3 Qe2+ 67. Kb4 Qe4+ 68. Ka5 Qa8+ 69. Kb5 Qb7+ 70. Kc4 Qa6+ 71. Kb3 Qe6+ 72. Qc4 Qe3+ 73. Ka2 Qc3 74. Qe4 Kc1 75. Qb1+ Kd2 76. Qb3 Qc7 77. a4 Qc5 78. Qb5 Qc7 79. a5 Kc3 80. Qb3+ Kd2 81. Qb4+ Kc1 82. Qb2+ Kd1 83. Qb6 Qc2+ 84. Ka3 Qc1+ 85. Kb4 Qb2+ 86. Ka4 Qa2+ 87. Kb5 Qd5+ 88. Qc5 Qb7+ 89. Kc4 Qa6+ 90. Kc3 Qe6 91. Qd4+ Ke1 92. Qh4+ Kd1 93. Qa4+ Ke1 94. Qb4 Qa6 95. Qh4+ Kd1 96. Qd4+ 1-0

[Event "IM Marmaris Karia VIII 2019"]
[Site "Marmaris"]
[Date "2019.07.31"]
[Round "9.1"]
[White "Dedebas, Emre Emin"]
[Black "Odeev, Handszar"]
[Result "1/2-1/2"]
[ECO "B07"]
[WhiteElo "2301"]
[BlackElo "2360"]
[Annotator "NA"]
[PlyCount "61"]
[EventDate "2019.07.29"]
[EventType "schev"]
[EventCountry "TUR"]
[SourceTitle "playchess.com"]
[Source "ChessBase"]
[SourceQuality "1"]
[TimeControl "5400+30"]

1. d4 Nf6 2. Bf4 g6 3. Nc3 d6 4. e4 c6 5. Qd2 b5 6. Bd3 Bg7 7. Bh6 Bxh6 8. Qxh6 e5 9. dxe5 dxe5 10. Nf3 Nbd7 11. a4 b4 12. Ne2 Qe7 13. h3 a5 14. Ng3 Ng8 15. Qe3 Ngf6 16. O-O O-O 17. Qg5 Kh8 18. Rfd1 Re8 19. b3 Nc5 20. Bc4 Ra7 21. Qe3 Kg7 22. Ng5 Rf8 23. Rd2 h6 24. Nf3 Rd7 25. Rxd7 Nfxd7 26. Rd1 Nb6 27. Bf1 f6 28. Be2 Be6 29. Nh4 Kh7 30. Bg4 Rb8 31. Nf3 1/2-1/2

[Event "IM Marmaris Karia VIII 2019"]
[Site "Marmaris"]
[Date "2019.07.31"]
[Round "9.4"]
[White "Yazici, Ugur Doga"]
[Black "Benidze, Davit"]
[Result "0-1"]
[ECO "B06"]
[WhiteElo "2143"]
[BlackElo "2469"]
[Annotator "ChessBase"]
[PlyCount "106"]
[EventDate "2019.07.29"]
[EventType "schev"]
[EventCountry "TUR"]
[SourceTitle "playchess.com"]
[Source "ChessBase"]
[SourceQuality "1"]
[TimeControl "5400+30"]

1. e4 g6 2. d4 Bg7 3. Nc3 d6 4. Nf3 a6 5. Be2 b5 6. a4 b4 7. Nd5 Bb7 8. a5 e6 9. Nxb4 Bxe4 10. c3 Ne7 11. O-O O-O 12. Nd2 Bb7 13. Bf3 Qc8 14. Bxb7 Qxb7 15. Qf3 Ra7 16. Ne4 Nd7 17. Rd1 Nf5 18. Be3 d5 19. Ng3 Nxe3 20. fxe3 c5 21. dxc5 Nxc5 22. Ne2 Qb5 23. Ra3 Rb7 24. Nd4 Qc4 25. Qf1 Bh6 26. Qxc4 Bxe3+ 27. Kf1 dxc4 28. Ndc2 Bg5 29. Rd4 Nb3 30. Rd6 Rd8 31. Rxd8+ Bxd8 32. Nc6 Bc7 33. N2b4 Rb5 34. Nxa6 Bxa5 35. Ra4 Bb6 36. Rb4 Rf5+ 37. Ke1 Bf2+ 38. Ke2 Kg7 39. Rxc4 Bg1 40. Rb4 Rf2+ 41. Kd3 Rxb2 42. Kc4 Nd2+ 43. Kb5 Rc2 44. Nd4 Bxd4 45. Rxd4 Nb1 46. c4 e5 47. Rh4 e4 48. Rh3 Nc3+ 49. Kb4 Nd1 50. Nc5 e3 51. Nd3 e2 52. Rf3 Nb2 53. Ne1 Rc1 0-1

[Event "IM Marmaris Karia VIII 2019"]
[Site "Marmaris"]
[Date "2019.07.31"]
[Round "9.5"]
[White "Caputcuoglu, Zeki Berke"]
[Black "Sibashvili, Giorgi"]
[Result "1/2-1/2"]
[ECO "D46"]
[WhiteElo "2010"]
[BlackElo "2389"]
[Annotator "NA"]
[PlyCount "55"]
[EventDate "2019.07.29"]
[EventType "schev"]
[EventCountry "TUR"]
[SourceTitle "playchess.com"]
[Source "ChessBase"]
[SourceQuality "1"]
[TimeControl "5400+30"]

1. Nf3 d5 2. d4 Nf6 3. c4 e6 4. Nc3 c6 $11 5. e3 Nbd7 6. Qc2 Bd6 7. Be2 O-O 8. O-O dxc4 9. Bxc4 e5 10. Bb3 Qe7 11. h3 Bb8 12. Rd1 h6 13. Nh4 Rd8 14. Nf5 Qe8 15. Ne4 Nxe4 16. Qxe4 Nf6 17. Nxh6+ Kf8 18. Qh4 Be6 19. e4 Rxd4 20. Bg5 Ng8 21. Nf5 Bxf5 22. Rxd4 exd4 23. exf5 Qe5 24. Bf4 Qf6 25. Bg5 Qe5 26. Bf4 Qf6 27. Bg5 Qe5 28. Bf4 1/2-1/2

[Event "IM Marmaris Karia VIII 2019"]
[Site "Marmaris"]
[Date "2019.07.31"]
[Round "10.1"]
[White "Rzayev, Bahruz"]
[Black "Dedebas, Emre Emin"]
[Result "1-0"]
[ECO "A07"]
[WhiteElo "2340"]
[BlackElo "2301"]
[Annotator "NA"]
[PlyCount "53"]
[EventDate "2019.07.29"]
[EventType "schev"]
[EventCountry "TUR"]
[SourceTitle "playchess.com"]
[Source "ChessBase"]
[SourceQuality "1"]
[TimeControl "5400+30"]

1. Nf3 d5 2. g3 Nf6 3. Bg2 e6 4. O-O Be7 5. d3 O-O 6. Nbd2 Nc6 7. e4 dxe4 8. dxe4 e5 9. c3 a5 10. Qe2 Bc5 11. Nc4 Qe7 12. Ne3 Bxe3 13. Qxe3 h6 14. a4 Qe6 15. Nh4 b6 16. Nf5 Ne7 17. Nxg7 Kxg7 18. Qxh6+ Kg8 19. Bg5 Ng6 20. f4 Ng4 21. Qh3 Qc6 22. f5 Qc5+ 23. Kh1 Nf2+ 24. Rxf2 Qxf2 25. Rf1 Qe2 26. Qh6 Nh8 27. f6 1-0

[Event "IM Marmaris Karia VIII 2019"]
[Site "Marmaris"]
[Date "2019.07.31"]
[Round "10.3"]
[White "Benidze, Davit"]
[Black "Karaoglan, Doruk"]
[Result "1-0"]
[ECO "A26"]
[WhiteElo "2469"]
[BlackElo "2278"]
[Annotator "ChessBase"]
[PlyCount "79"]
[EventDate "2019.07.29"]
[EventType "schev"]
[EventCountry "TUR"]
[SourceTitle "playchess.com"]
[Source "ChessBase"]
[SourceQuality "1"]
[TimeControl "5400+30"]

1. Nf3 Nf6 2. g3 g6 3. Bg2 Bg7 4. O-O O-O 5. c4 d6 6. Nc3 Nc6 7. Rb1 e5 8. d3 Nh5 9. b4 f5 10. b5 Ne7 11. Qc2 h6 12. a4 Rb8 13. Ba3 b6 14. Nd2 g5 15. Nd5 g4 16. e3 f4 17. exf4 exf4 18. Nxe7+ Qxe7 19. Rfe1 Qg5 20. Bd5+ Kh8 21. Ne4 Qg6 22. Bb2 Bd7 23. a5 Rbe8 24. axb6 axb6 25. Ra1 Re7 26. Ra7 Be8 27. Qd2 Bxb2 28. Qxb2+ Ng7 29. gxf4 Rxf4 30. Qd2 Rf3 31. Ra8 Kh7 32. Ng3 Qg5 33. Qd1 Rf4 34. Rxe7 Qxe7 35. Qe2 Qxe2 36. Nxe2 Rf6 37. Rc8 Bf7 38. Be4+ Bg6 39. Rxc7 Bxe4 40. dxe4 1-0

[Event "IM Marmaris Karia VIII 2019"]
[Site "Marmaris"]
[Date "2019.07.31"]
[Round "10.4"]
[White "Sibashvili, Giorgi"]
[Black "Yazici, Ugur Doga"]
[Result "0-1"]
[ECO "E54"]
[WhiteElo "2389"]
[BlackElo "2143"]
[Annotator "NA"]
[PlyCount "88"]
[EventDate "2019.07.29"]
[EventType "schev"]
[EventCountry "TUR"]
[SourceTitle "playchess.com"]
[Source "ChessBase"]
[SourceQuality "1"]
[TimeControl "5400+30"]

1. d4 d5 2. c4 dxc4 3. Nf3 Nf6 4. e3 e6 5. Bxc4 c5 6. O-O cxd4 7. exd4 Be7 8. Nc3 O-O 9. Bg5 Nc6 10. a3 b6 11. Qe2 Bb7 12. Rfd1 Na5 13. Ba2 Re8 14. b4 Nc6 15. Rac1 Nd5 16. Nxd5 Bxg5 17. Ne3 Bf4 18. d5 exd5 19. Bxd5 Qf6 20. Qc4 Bxe3 21. fxe3 Nd8 22. e4 Bxd5 23. exd5 Nb7 24. Qd4 Qxd4+ 25. Nxd4 Nd6 26. Rc6 Red8 27. a4 Rd7 28. a5 bxa5 29. bxa5 a6 30. Nb3 Ne4 31. Rd4 f5 32. g4 g6 33. gxf5 gxf5 34. Nd2 Nd6 35. Nf3 Nb7 36. Ne5 Rg7+ 37. Kf2 Nxa5 38. Rb6 Nb7 39. d6 Nc5 40. d7 Rd8 41. Rb8 Ne6 42. Rc8 Rgxd7 43. Rxd7 Rxc8 44. Rd6 Nc5 0-1

[Event "IM Marmaris Karia VIII 2019"]
[Site "Marmaris"]
[Date "2019.07.31"]
[Round "10.5"]
[White "Odeev, Handszar"]
[Black "Caputcuoglu, Zeki Berke"]
[Result "1/2-1/2"]
[ECO "B43"]
[WhiteElo "2360"]
[BlackElo "2010"]
[Annotator "ChessBase"]
[PlyCount "20"]
[EventDate "2019.07.29"]
[EventType "schev"]
[EventCountry "TUR"]
[SourceTitle "playchess.com"]
[Source "ChessBase"]
[SourceQuality "1"]
[TimeControl "5400+30"]

1. e4 c5 2. Nf3 e6 3. d4 cxd4 4. Nxd4 a6 5. Nc3 b5 6. Bd3 Qb6 7. Nf3 Qc7 8. Nd4 Qb6 9. Nf3 Qc7 10. Nd4 Qb6 1/2-1/2